 Dungeon Crawl Stone Soup version 0.20-a0-629-gc37eb77 (webtiles) character file.

1874 Ijustatesigmund the Slinger (level 9, 0/52 HPs)
             Began as a Halfling Arcane Marksman on Feb 9, 2017.
             Slain by a gnoll
             ... wielding a +0 spear
              (1 damage)
             ... on level 6 of the Dungeon on Feb 10, 2017.
             The game lasted 00:24:43 (7125 turns).

Ijustatesigmund the Slinger (HaAM)                  Turns: 7125, Time: 00:24:43

Health: 0/52       AC:  4    Str: 15 (16) XL:     9   Next: 36%
Magic:  10/10      EV: 14    Int: 12 (13) God:
Gold:   123        SH:  0    Dex: 12 (16) Spells: 7/10 levels left

rFire    . . .     SeeInvis .   q - -2 dagger (curse)
rCold    . . .     Gourm    +   e - +0 robe
rNeg     . . .     Faith    .   (shield restricted)
rPois    .         Spirit   .   x - +0 helmet
rElec    .         Reflect  .   (no cloak)
rCorr    .         Harm     .   (no gloves)
MR       .....                  u - +0 pair of boots
Stlth    +.........             o - amulet of the gourmand
Regen    0.2/turn               (no ring)
                                r - +5 ring of strength

@: no status effects
A: mutation resistance 1
a: no special abilities


You were on level 6 of the Dungeon.
You were not hungry.

You visited 1 branch of the dungeon, and saw 7 of its levels.

You collected 123 gold pieces.

Inventory:

Hand Weapons
 a - a +1 hunting sling
 k - a +0 short sword
 q - a cursed -2 dagger (weapon)
 A - a +2 dagger of chaos
Missiles
 b - 169 stones (quivered)
 y - 47 sling bullets
Armour
 e - a +0 robe (worn)
 u - a +0 pair of boots (worn)
 x - a +0 helmet (worn)
Jewellery
 o - an amulet of the gourmand (around neck)
 r - a +5 ring of strength (left hand)
 D - an uncursed ring of protection from magic {unknown}
Wands
 d - a wand of lightning (0/15)
 s - a wand of clouds (0/9)
 v - a wand of lightning (0/15)
 E - a wand of paralysis (0/24)
Scrolls
 B - a scroll of magic mapping
Potions
 m - a potion of flight
 p - a potion of mutation
Books
 c - a book of Debilitation

   Spells                             Type                      Level
   a - Corona                         Hexes                        1
   b - Slow                           Hexes                        2
   c - Gell's Gravitas                Hexes/Translocation          3
   d - Inner Flame                    Hexes/Fire                   3
   e - Cause Fear                     Hexes                        4
   f - Leda's Liquefaction            Hexes/Earth                  4
 n - a book of Maledictions

   Spells                             Type                      Level
   a - Corona                         Hexes                        1
   b - Ensorcelled Hibernation        Hexes/Ice                    2
   c - Confuse                        Hexes                        3
   d - Tukima's Dance                 Hexes                        3
   e - Dazzling Spray                 Conjuration/Hexes            3
Comestibles
 f - 3 bread rations
 i - 3 meat rations


   Skills:
 - Level 0.8 Fighting
 + Level 7.8 Short Blades
 + Level 10.5 Slings
 - Level 2.1 Dodging
 - Level 1.0 Spellcasting
 - Level 2.4 Hexes
 + Level 6.0 Ice Magic


You had 7 spell levels left.
You knew the following spells:

 Your Spells              Type           Power        Failure   Level  Hunger
a - Corona                Hex            #......      12%         1    ##.....
b - Ensorcelled Hibernat  Hex/Ice        ##....       12%         2    ###....


Dungeon Overview and Level Annotations

Branches:
Dungeon (7/15)
 Temple: D:4-7

Altars:
Ashenzari
Makhleb
Nemelex Xobeh
Okawaru
Ru
Vehumet
Xom
Yredelemnul

Shops:
D:4 =

Annotations:
D:4 exclusion: statue


Innate Abilities, Weirdness & Mutations

You are small and have problems with some larger weapons.
You are somewhat resistant to further mutation.


Message History

You barely miss the gnoll.
The gnoll is moderately wounded.
The gnoll barely misses you.
You hit the gnoll but do no damage.
The gnoll is moderately wounded.
The gnoll hits you with a spear!
You hit the gnoll but do no damage.
The gnoll is moderately wounded.
You hit the gnoll but do no damage.
The gnoll is moderately wounded.
The gnoll hits you with a spear!
* * * LOW HITPOINT WARNING * * *
You completely miss the gnoll.
The gnoll is moderately wounded.
Okay, then.
Okay, then.
The gnoll hits you from afar with a spear!
* * * LOW HITPOINT WARNING * * *
The gnoll hits you from afar with a spear.
You die...

#...............
#............#..
#.....l......#
#w..w........#
#l############ #g#
## #g# . #.# #. ##
#@# #.# #.# #.#
##.###.. #.#
#.#...####### #.#
#...###..#.###.#
###†..)..##.#.##.#
#.†##.##.###.#...#
.###.#..## ##.##.#
.#..####.# ####.#


You could see a worm, an iguana and 2 gnolls.

Vanquished Creatures
  Pikel (D:5)
  Duvessa (D:5)
  3 slaves (D:5)
  A phantom (D:4)
  A centaur (D:5)
  4 ogres
  Dowan (D:5)
  A howler monkey (D:6)
  A centaur zombie (D:5)
  A crimson imp (D:4)
  A quasit (D:6)
  2 orc priests (D:3)
  2 hounds (D:4)
  3 orc wizards
  Jessica (D:3)
  An iguana (D:5)
  Ijyb (D:3)
  Terence (D:3)
  A worker ant (D:5)
  A hound zombie (D:3)
  A hound skeleton (D:4)
  A howler monkey skeleton (D:5)
  Robin (D:2)
  7 adders
  4 river rats (D:6)
  3 oozes
  2 adder skeletons (D:4)
  3 worms
  3 dart slugs
  3 leopard geckos
  19 orcs
  5 bats
  5 giant cockroaches
  13 goblins
  8 hobgoblins
  2 jackals (D:4)
  5 quokkas
  3 ball pythons
  7 frilled lizards
  8 kobolds
  11 rats
143 creatures vanquished.

Vanquished Creatures (others)
  An ice beast (D:5)
  An orc priest (D:5)
  2 orc wizards (D:5)
  An adder (D:5)
  An orc (D:5)
  A ball python (D:5)
  A fungus (D:6)
8 creatures vanquished.

Grand Total: 151 creatures vanquished

Notes
Turn   | Place    | Note
-------+----------+-------------------------------------------
     0 | D:1      | Ijustatesigmund the Halfling Arcane Marksman began the quest for the Orb.
     0 | D:1      | Reached XP level 1. HP: 12/12 MP: 2/2
    85 | D:1      | Reached skill level 4 in Slings
    85 | D:1      | Reached XP level 2. HP: 18/18 MP: 3/3
   479 | D:2      | Reached skill level 1 in Short Blades
   493 | D:2      | Found a sparkling altar of Nemelex Xobeh.
   499 | D:2      | Reached XP level 3. HP: 22/22 MP: 4/4
   661 | D:2      | Noticed Robin
   669 | D:2      | Killed Robin
   671 | D:2      | Reached skill level 5 in Slings
   949 | D:2      | Reached XP level 4. HP: 27/27 MP: 5/5
  1168 | D:2      | Found a shattered altar of Ashenzari.
  1477 | D:3      | Noticed Jessica
  1484 | D:3      | Killed Jessica
  1484 | D:3      | Reached XP level 5. HP: 32/32 MP: 6/6
  1593 | D:3      | Learned a level 2 spell: Ensorcelled Hibernation
  1608 | D:3      | Noticed Ijyb
  1614 | D:3      | Killed Ijyb
  1614 | D:3      | Reached skill level 6 in Slings
  1623 | D:3      | Reached skill level 1 in Ice Magic
  1847 | D:3      | Reached XP level 6. HP: 34/37 MP: 7/7
  1873 | D:3      | Noticed Terence
  1886 | D:3      | Killed Terence
  2349 | D:3      | Reached skill level 7 in Slings
  2682 | D:3      | Found a basalt altar of Yredelemnul.
  2872 | D:4      | Reached XP level 7. HP: 42/42 MP: 8/8
  3154 | D:4      | Found a burning altar of Makhleb.
  3155 | D:4      | Found a shimmering altar of Xom.
  3234 | D:4      | Reached skill level 5 in Short Blades
  3294 | D:4      | Found Ruicheleva's Jewellery Boutique.
  3415 | D:4      | Found a radiant altar of Vehumet.
  3548 | D:4      | Reached skill level 8 in Slings
  3684 | D:5      | Entered Level 5 of the Dungeon
  4173 | D:5      | Reached XP level 8. HP: 34/47 MP: 1/9
  4932 | D:5      | Noticed Pikel
  4962 | D:5      | Killed Pikel
  4962 | D:5      | Reached skill level 9 in Slings
  4962 | D:5      | Reached skill level 5 in Ice Magic
  5347 | D:5      | Noticed Duvessa
  5347 | D:5      | Noticed Dowan
  5393 | D:5      | Killed Dowan
  5393 | D:5      | Reached XP level 9. HP: 31/52 MP: 10/10
  5417 | D:5      | Killed Duvessa
  5417 | D:5      | Reached skill level 10 in Slings
  5697 | D:5      | Upgraded the game from 0.20-a0-622-g01f5896 to 0.20-a0-629-gc37eb77
  5814 | D:5      | Found a sacrificial altar of Ru.
  6579 | D:6      | Found an iron altar of Okawaru.
  7124 | D:6      | HP: 1/52 [gnoll/spear (8)]
  7125 | D:6      | Slain by a gnoll

Vault maps used:
D:1:      minmay_arrival_arboretum_large
D:2:      ashenzari_conservatory_becter, first_bread, nemelex_dance_club_becter,
          uniq_robin
D:3:      marbit_many_paths, uniq_iyjb, uniq_terence, uniq_jessica
D:4:      grunt_temple_overflow_champion_of_chaos, vehumet_statue, serial_shops,
          shop_statue
D:5:      nicolae_ru_the_path_less_chosen, uniq_duvessa, uniq_pikel
D:6:      lemuel_ratsnest, grunt_temple_overflow_forces_of_nature,
          okawaru_ov_weapons_minmay, minmay_temple_entry_poolview,
          serial_bayou_pond_b, hangedman_decor_points
D:7:      nicolae_overflow_hidden_temple, serial_shops, shop

Skill      XL: |  1  2  3  4  5  6  7  8  9 |
---------------+----------------------------+-----
Slings         | 4 5 6 7 8 9 10 | 10.5
Short Blades   | 1 2 3 4 5 7 |  7.8
Ice Magic      | 1 2 3 5 6 |  6.0
Fighting       | |  0.8
Dodging        | |  2.1
Spellcasting   | |  1.0
Hexes          | |  2.4

Action                   |  1- 3 |  4- 6 |  7- 9 || total
-------------------------+-------+-------+-------++-------
Melee: Dagger            |       |       |   377 ||   377
 Fire: Hunting sling     |    79 |   183 |    96 ||   358
Throw: Stone             |       |       |     4 ||     4
 Cast: Corona            |       |     1 |       ||     1
       Ensorcelled Hiber |       |       |    18 ||    18
Evoke: Wand              |       |       |    11 ||    11
  Use: Scroll            |       |     9 |     3 ||    12
       Potion            |       |       |    11 ||    11
 Stab: Confused          |       |       |     4 ||     4
       Sleeping          |       |       |     9 ||     9
       Invisible         |       |       |     4 ||     4
       Paralysed         |       |       |     2 ||     2
  Eat: Chunk             |       |    12 |    14 ||    26
Armor: Robe              |     5 |     6 |    61 ||    72
Dodge: Dodged            |    31 |    33 |   315 ||   379
